Match 32266837
Unlisted

Match 32266837
End
Construct Barracks
Selects Armored Battlegroup
Selects Assault Engineers
Assault Engineer Squad
1⁄4-ton 4x4 Truck
Riflemen Squad
Assault Engineer Squad
M1 Mortar Team
Construct Medical Station
Riflemen Squad
Air Support Center
Grenade Package
Air Supply
Advanced Air Reconnaissance
P-47 Dive Bomb
M1918 Browning Automatic Rifles
Grasshopper High-Altitude Recon Run
Selects Strength in Steel
Riflemen Squad
P-47 Strafing Run
Grasshopper High-Altitude Recon Run
Construct Tank Depot
Selects M31 Recovery Vehicle
P-47 Strafing Run
Selects War Machine
Grasshopper High-Altitude Recon Run
P-47 Dive Bomb
Selects M8 Scott SPG
Selects UNKNOWN (2160077)
M4A3E8 Sherman Easy Eight
Grasshopper High-Altitude Recon Run
Riflemen Squad
P-47 Dive Bomb
M4A3E8 Sherman Easy Eight
P-47 Strafing Run
Grasshopper High-Altitude Recon Run
M31 Recovery Vehicle
Grasshopper High-Altitude Recon Run
P-47 Dive Bomb
$Atze$
IllegalCactus
T.R. Stormjäger
OMJimas
0
0

Comments sign in to comment!

No comments posted yet!